Map: Romanticide LE

Players

Jaedolph - Winner!

  • Race: Terran Terran
  • League: Master

amgine

  • Race: Zerg Zerg
  • League: Master

VOD

Have the link to the VOD?

Description

Time

  • Played on: Sept. 24, 2021, 10:55 p.m.
  • Length: 8:26
Show
View Real Time Build Order
Export as new Build Order

Jaedolph Terran - Winner!

Build Orders: Liberator Opening, Reaper Expand 

Get SALT Encoding   

  12  0:00  SCV  
  13  0:12  SCV  
  14  0:17  Supply Depot  
  14  0:24  SCV  
  15  0:38  SCV  
  15  0:40  Barracks  
  16  0:43  Refinery  
  16  0:50  SCV  
  17  1:03  SCV  
  18  1:15  SCV  
  19  1:32  Orbital Command  
  19  1:33  Reaper  
  20  1:44  Command Center  
  20  1:53  Supply Depot  
  20  1:58  SCV  
  21  2:05  Marine  
  22  2:10  SCV  
  23  2:17  Factory  
  23  2:22  Refinery, SCV  
  24  2:31  Barracks Reactor  
  24  2:34  SCV  
  25  2:46  SCV  
  26  2:58  Orbital Command  
  26  3:01  Supply Depot  
  26  3:12  SCV  
  27  3:14  Barracks Tech Lab  
  27  3:15  Hellion x2  
  27  3:17  Starport  
  31  3:24  SCV x2  
  33  3:36  SCV x2  
  33  3:37  Hellion x2  
  40  3:48  SCV x2  
  40  3:55  Liberator  
  43  3:56  Stimpack  
  43  4:00  SCV  
  44  4:03  Hellion x2  
  44  4:05  Supply Depot  
  48  4:16  SCV x2  
  50  4:24  Command Center  
  50  4:28  SCV x2  
  52  4:32  Barracks  
  52  4:33  Barracks  
  52  4:35  Factory Tech Lab  
  50  4:40  SCV  
  50  4:43  Supply Depot  
  49  4:50  SCV  
  50  4:54  Engineering Bay  
  50  4:55  Refinery, SCV  
  50  4:56  Refinery, Starport Reactor  
  50  4:57  Engineering Bay  
  51  5:02  SCV  
  52  5:12  SCV  
  53  5:14  SCV  
  54  5:23  Terran Infantry Weapons Level 1, Terran Infantry Armor Level 1  
  54  5:24  SCV  
  54  5:26  SCV  
  56  5:33  Supply Depot  
  56  5:35  Combat Shield  
  53  5:36  SCV, Marine x3  
  53  5:37  Siege Tank  
  53  5:39  Orbital Command  
  53  5:40  Starport Reactor  
  53  5:41  SCV  
  53  5:42  Marine  
  62  5:43  Marine  
  59  6:01  SCV  
  59  6:02  SCV  
  59  6:03  Marine x5  
  59  6:04  Orbital Command  
  66  6:07  Armory  
  66  6:09  Siege Tank  
  69  6:13  SCV  
  69  6:14  Supply Depot  
  69  6:16  Supply Depot  
  69  6:17  SCV  
  71  6:21  Medivac x2, Marine x2  
  71  6:22  Marine x3  
  80  6:26  SCV  
  80  6:30  SCV  
  82  6:34  SCV  
  82  6:38  Marine x2  
  85  6:40  Marine  
  85  6:41  Marine x2, SCV  
  89  6:47  Barracks  
  89  6:48  Barracks  
  89  6:49  Siege Tank  
  89  6:50  SCV x2  
  89  6:53  SCV  
  95  6:56  Marine x2, Supply Depot x2  
  95  6:58  Marine  
  95  6:59  Medivac, Marine x2  
  102  7:01  Medivac  
  102  7:04  SCV  
  102  7:07  SCV x2  
  107  7:14  Supply Depot  
  107  7:16  SCV  
  108  7:29  Marine x4  
  112  7:31  Siege Tank  
  112  7:32  SCV  
  112  7:36  Command Center  
  116  7:46  Marine  
  116  7:47  Barracks Reactor x2, Marine  
  116  7:48  Marine x3  
  113  8:04  Marine x2  
  113  8:05  SCV  
  116  8:11  Supply Depot  
  116  8:12  Supply Depot  
  116  8:13  Supply Depot  
  116  8:18  Factory  
Show
View Real Time Build Order
Export as new Build Order

amgine Zerg 

Build Orders: Hatch First 

Get SALT Encoding   

  12  0:00  Drone  
  13  0:12  Overlord  
  13  0:16  Drone  
  14  0:30  Drone x2  
  14  0:35  Drone  
  17  0:55  Hatchery  
  17  0:56  Drone  
  17  0:59  Drone  
  18  1:11  Extractor  
  18  1:17  Spawning Pool  
  16  1:22  Drone  
  16  1:24  Drone  
  18  1:28  Drone  
  19  1:38  Drone  
  20  1:50  Overlord  
  20  2:04  Zergling x2  
  20  2:07  Queen  
  20  2:08  Queen, Zergling x2  
  24  2:14  Drone  
  27  2:20  Drone  
  27  2:21  Metabolic Boost  
  28  2:27  Extractor  
  28  2:28  Drone  
  28  2:31  Drone  
  28  2:33  Drone  
  30  2:40  Extractor  
  30  2:50  Hatchery  
  30  2:51  Drone  
  30  2:55  Extractor  
  30  2:58  Drone  
  30  3:03  Drone  
  33  3:06  Queen  
  33  3:07  Overlord  
  33  3:09  Drone  
  36  3:14  Overlord  
  36  3:25  Queen  
  36  3:26  Drone x3  
  41  3:28  Overlord  
  41  3:29  Drone  
  41  3:30  Drone  
  41  3:31  Drone  
  41  3:33  Drone  
  45  3:40  Drone x2  
  47  3:47  Drone  
  48  3:54  Zergling x2  
  48  3:55  Zergling x4  
  50  4:04  Zergling x4  
  52  4:10  Overlord  
  52  4:12  Spore Crawler  
  52  4:13  Drone  
  51  4:21  Lair, Queen x2  
  51  4:23  Drone x4  
  59  4:24  Drone  
  59  4:25  Drone x4  
  59  4:28  Drone x3  
  68  4:34  Overlord  
  68  4:36  Overlord  
  65  4:47  Baneling Nest  
  65  4:50  Zergling x2  
  65  4:51  Overlord  
  65  4:52  Overlord  
  65  4:55  Overlord  
  65  4:59  Zergling x6  
  68  5:08  Overlord  
  68  5:10  Overlord  
  68  5:15  Spore Crawler  
  68  5:19  Overlord  
  68  5:20  Spore Crawler  
  64  5:28  Overlord  
  64  5:34  Drone x2  
  66  5:36  Drone x4  
  66  5:37  Drone x4, Extractor  
  73  5:52  Overlord, Zergling x6  
  73  5:54  Burrow  
  73  5:56  Overlord  
  72  6:05  Extractor x2  
  72  6:10  Hatchery  
  69  6:12  Centrifical Hooks  
  69  6:14  Drone x3  
  69  6:15  Drone x5, Evolution Chamber  
  69  6:16  Evolution Chamber  
  69  6:18  Extractor  
  74  6:20  Extractor  
  74  6:22  Drone x2  
  75  6:30  Drone  
  76  6:38  Zergling x16  
  84  6:47  Zergling x6  
  84  6:51  Drone x3  
  84  6:52  Drone x2  
  92  6:55  Queen  
  92  6:57  Zergling x2  
  95  7:04  Zergling x8  
  99  7:11  Zergling x4  
  102  7:17  Zergling x2  
  97  7:24  Baneling x2  
  97  7:25  Zergling x4  
  97  7:28  Zergling x10  
  97  7:29  Zergling x6  
  106  7:30  Overlord  
  104  7:37  Overlord  
  104  7:38  Overlord  
  104  7:39  Zergling x2  
  104  7:40  Overlord  
  104  7:43  Queen, Zergling x4  
  97  7:46  Zergling x2  
  97  7:48  Overlord  
  97  7:49  Overlord, Zergling x4  
  97  7:50  Overlord  
  85  8:05  Overlord  
  81  8:06  Zergling x2  
Tags
 
Add a new tag
Caveats
  • Supply blocks, unpowered buildings, or Contaminate may cause inaccurate times.
  • Supply counts are checked every 10 seconds.